Croesus, chaotic female elven Ranger ##..## #### ################### #...............}..................... ##....# #### #..###&&@......##......####...##.........}....#................ ###..#### #..####..#.)##C..##....###....##.....#...##....}..........%..#...... .#.##....###....###..)##..)....##.##.....###........##....}.................#.. #...##.....##..##.)###..##).###.......## #.................#....^............ ##..####.#.............####......#...### #....``.......}.}..##............... ##....##..######........###.....##......####...`.............................. #..##..#...# #..###...###....#####......###.......#......}................... .#..##..#.###################### #####.....##.................................. ##.########.|.............^...###.# ##...........................#............ #.....# #>.-.......(.............## ###..##...............}.................. #..#### ##.|.................##...## ######.....#..........}................. ##...### ######################....###...##....^.........##.}................ ##....#######..# ##...##...###.....##...##..............##.}.......##....... ##..).......#...###....#..#..#...#...##..#..................}.......###...... #...##..###...#..#..#.....##...####..##.##........#........}................. #..###### #.####....##...###....####....##................}.}......#......... #.....## ..## #.....#######.......#....##....#...........}...}}...##......... ##.....##.. #..##....##....##......####................}.....}}............ ####..#### #######......#####...### #...............#}........}}}...###... #### ######## ##### #...............}............}........ Croesus the Reconnoiteress Experience level: 10 Strength: 16 Dexterity: 16 Constitution: 16 Intelligence: 13 Wisdom: 16 Charisma: 8 Health: 0(77) Energy: 100(100) Def: 25 Gold: 0 Moves: 42070 Dungeon seed: Wlp7x4S9jCSAhAMJ Game ID: Croesus_1564150916 Your Inventory: Amulets B - an uncursed amulet of reflection (being worn) Weapons e - an uncursed +1 elven bow (weapon in hand) f - an uncursed +0 trident of fire g - an uncursed +0 thirsty trident (alternate weapon; not wielded) m - an uncursed +0 thirsty bow of searching and lightning z - an uncursed +0 thirsty arrow C - an uncursed +1 arrow D - a cursed -1 arrow F - a cursed -2 arrow I - 4 blessed +0 daggers K - 3 uncursed +0 arrows (in quiver) U - 7 uncursed +0 silver arrows Armor q - an uncursed +2 elven cloak (being worn) r - an uncursed +0 pair of leather gloves (being worn) y - an uncursed +0 splint mail (being worn) P - an uncursed +2 Uruk-hai shield (being worn) Q - a blessed +0 dwarvish iron helm (being worn) Y - an uncursed +0 pair of iron shoes (being worn) Comestibles H - an uncursed male lizard corpse Rings G - an uncursed ring of regeneration L - an uncursed ring of shock immunity Wands c - an uncursed wand of summoning (0:3) i - an uncursed wand of speed monster (0:2) j - an uncursed wand of cancellation (0:4) p - an uncursed wand of digging (0:6) s - an uncursed wand of cancellation (0:3) A - an uncursed wand of sleep (0:1) E - a blessed wand of teleportation (0:2) J - an uncursed wand of teleportation (0:1) M - an uncursed wand of fire (0:3) R - an uncursed wand of cancellation (0:6) S - an uncursed wand of digging (0:2) W - an uncursed wand of sleep (0:5) X - an uncursed wand of slow monster (0:4) Tools b - an uncursed bag of holding k - an uncursed skeleton key l - an uncursed magic lamp (lit) u - an uncursed +0 unicorn horn w - an uncursed tin whistle T - an uncursed blindfold Gems n - an uncursed luckstone Contents of the bag of holding: an uncursed amulet of life saving 28 cursed +0 arrows a blessed +0 axe an uncursed +0 bullwhip an uncursed +0 bullwhip an uncursed +0 bullwhip of aggravate monster 4 uncursed +0 crossbow bolts of fire an uncursed +0 dagger an uncursed +0 dart a cursed +0 dart 3 uncursed +0 elven arrows 11 uncursed +0 ya an uncursed +0 dwarvish mithril-coat an uncursed +2 elven leather helm an uncursed +0 mummy wrapping 2 uncursed female lizard corpses 3 uncursed food rations 4 uncursed lembas wafers an uncursed mango an uncursed melon an uncursed orange an uncursed pancake an uncursed tin of male forest centaur meat 3 uncursed tripe rations an uncursed scroll of blank paper 3 uncursed scrolls of confuse monster a blessed scroll of destroy armor an uncursed scroll of destroy armor an uncursed scroll of earth an uncursed scroll of enchant armor a blessed scroll of enchant weapon 2 uncursed scrolls of enchant weapon 2 uncursed scrolls of fire 4 uncursed scrolls of remove curse an uncursed scroll of summoning a blessed scroll of teleportation 8 uncursed scrolls of teleportation a cursed scroll of teleportation a blessed potion of acid an uncursed potion of confusion an uncursed potion of full healing an uncursed potion of gain energy 3 uncursed potions of healing an uncursed potion of object detection an uncursed potion of restore ability an uncursed potion of sleeping a potion of unholy water an uncursed ring of conflict an uncursed wand of digging (0:3) an uncursed tin whistle an uncursed towel an uncursed +0 unicorn horn 47 gold pieces Spells and supernatural/magical abilities: Name Level Category Cost Memory a - force bolt 1 attack 1000pw 63% h - healing 1 healing 1000pw 60% k - knock 1 matter 1000pw 45% l - light 1 divination 1000pw 44% s - slow monster 2 enchantment 2000pw 40% w - wizard lock 2 matter 2000pw 45% z - sleep 1 enchantment 1000pw 36% A - create familiar 3 clerical 3000pw 44% B - cure blindness 2 healing 2000pw 75% W - pray for help -- divine ? -- Your skills at the end: Fighting Skills wands [Skilled] Weapon Skills dagger [Expert] trident [Basic] bow [Skilled] Spellcasting Skills Final Attributes: You were piously aligned. You were fire resistant. You were cold resistant. You were immune to sleep. You were poison resistant. You saw invisible. You were telepathic. You had automatic searching. You had infravision. You were invisible. You were stealthy. You were protected. You were fast. You had reflection. You were lucky. You had extra luck. Bad luck did not time out for you. Good luck did not time out for you. You last prayed 29521 turns ago. Mars was noncommittal. You are dead. Vanquished creatures: a minotaur a captain a golden naga 2 vampires 5 ghosts a monk 3 giant mimics a zruty 4 fire giants an ogre king 2 rock trolls a flesh golem a large mimic a wumpus a baby long worm 2 long worms 4 stalkers 3 fire elementals an earth elemental 2 hill giants a giant mummy a black naga 2 giant zombies 10 barbed devils 3 wargs 2 small mimics a glass piercer 3 xans 2 ettin mummies 2 quantum mechanics 9 trolls 3 wood golems 3 erinyes a djinni 2 pyrolisks 4 large dogs a flaming sphere 5 shocking spheres 2 large cats 3 tigers a gargoyle 2 dwarf kings 4 tengu 2 ochre jellies 6 leocrottas 13 mountain centaurs 4 stone giants an elf mummy 2 human mummies a pit viper 4 pythons 2 cobras 7 wraiths a carnivorous ape 5 ettin zombies 2 leather golems 5 soldiers 30 horned devils a crocodile 4 giant beetles 5 quivering blobs 3 cockatrices 13 wolves 3 lynxes a gremlin a spotted jelly 51 leprechauns an orc-captain 2 iron piercers 7 giant spiders 14 scorpions a horse 2 ice vortices a black light 2 vampire bats 32 forest centaurs 3 gnome kings 4 orc mummies a dwarf mummy 5 ogres 5 brown puddings 3 rust monsters 2 owlbears 6 yetis 5 gold golems 2 werewolves 6 lizards 8 hunters 6 chickatrices a dingo 4 jaguars 3 dwarf lords 2 blue jellies 3 gray unicorns 3 dust vortices 6 ravens 12 plains centaurs 4 gnome mummies 3 snakes 6 apes 27 human zombies a Woodland-elf 10 soldier ants 6 fire ants 9 bugbears an imp 6 wood nymphs 3 water nymphs 4 mountain nymphs 15 Mordor orcs 15 Uruk-hai 3 orc shamans 8 rock piercers 2 rock moles 7 ponies 3 fog clouds 6 yellow lights 4 shriekers 7 violet fungi 18 gnome lords 7 gnomish wizards 5 kobold mummies 2 red naga hatchlings 2 guardian naga hatchlings 2 gray oozes 4 barrow wights 15 elf zombies 2 ghouls 4 straw golems 7 paper golems 3 baby crocodiles 15 giant ants 5 little dogs 14 floating eyes a kitten 28 dwarves 3 homunculi 2 kobold lords 2 kobold shamans 14 hill orcs 15 rothes 9 rabid rats 7 centipedes 14 giant bats 5 monkeys 11 orc zombies 9 dwarf zombies a wererat 4 werejackals 16 iguanas 11 killer bees 3 acid blobs 11 coyotes 6 gas spores 7 hobbits 12 manes a large kobold 20 hobgoblins 9 giant rats 5 cave spiders 3 brown molds 5 yellow molds 5 green molds 4 red molds 59 gnomes 19 garter snakes 9 gnome zombies 12 geckos 19 jackals 8 foxes 2 kobolds 9 goblins 13 sewer rats 20 grid bugs 5 bats 10 lichens 5 kobold zombies 20 newts 1132 creatures vanquished. Genocided or extinct species: erinyes (extinct) 1 species extinct. Voluntary challenges: You had been an atheist until turn 11463. You used a wielded weapon 1679 times, starting on turn 635. You read items or engraved 186 times, starting on turn 3168. You never genocided any monsters. You polymorphed 1 item, starting on turn 14762. You changed form 1 time, starting on turn 35239. You used no wishes. You never split a pudding. You wrote Elbereth's name 127 times, starting on turn 8078. You violated your moral code, losing 565 points of alignment, starting on turn 28760. Dungeon overview: The Dungeons of Doom: levels 1 to 20 Level 1 a long staircase Level 2 a vault stairs to The Gnomish Mines Level 3 a fountain Level 4 a general store, a fountain, a vault Level 5 many fountains Level 6 a sink stairs to Sokoban Level 7 some fountains Level 8 a sink Level 9 a fountain Level 10 some fountains, a vault Level 11 a general store, a fountain, a vault Level 12 a vault portal to The Quest Level 13 some fountains Level 14 Level 15 an altar to Venus, a fountain Level 16 a vault Level 17 Level 18 a sink Level 19 a fountain, a vault Level 20 a fountain, a sink The Gnomish Mines: levels 3 to 10 Level 3 stairs to The Dungeons of Doom Level 4 Level 5 many shops, a temple to Venus, some fountains Level 6 Level 7 Level 8 Level 9 Level 10 some fountains The Quest: levels 1 to 5 Level 1 <- You were here many trees portal to The Dungeons of Doom Level 2 many trees Level 3 Level 4 Level 5 Sokoban: levels 2 to 5 Level 2 Solved Level 3 Solved Level 4 Solved Level 5 Solved stairs to The Dungeons of Doom History has recorded: On T:1 you entered the Dungeons of Doom to retrieve the Amulet of Yendor! On T:322 you reached level 2 of The Dungeons of Doom. On T:868 you reached level 3 of The Dungeons of Doom. On T:956 you reached level 4 of The Dungeons of Doom. On T:1447 you reached level 5 of The Dungeons of Doom. On T:1613 you advanced to experience level 2. On T:2081 you reached level 6 of The Dungeons of Doom. On T:2307 you reached level 7 of The Dungeons of Doom. On T:2387 you reached level 4 of Sokoban. On T:2508 you advanced to experience level 3. On T:2778 you advanced to experience level 4. On T:3592 you reached level 3 of Sokoban. On T:4322 you advanced to experience level 5. On T:4808 you reached level 2 of Sokoban. On T:5461 you reached level 1 of Sokoban. On T:5537 you advanced to experience level 6. On T:7375 you reached level 8 of The Dungeons of Doom. On T:7466 you advanced to experience level 7. On T:7771 you reached level 9 of The Dungeons of Doom. On T:9690 you reached level 10 of The Dungeons of Doom. On T:9795 you advanced to experience level 8. On T:10699 you reached level 1 of The Gnomish Mines. On T:10715 you reached level 2 of The Gnomish Mines. On T:10843 you reached level 3 of The Gnomish Mines. On T:12091 you reached level 4 of The Gnomish Mines. On T:14768 you advanced to experience level 9. On T:16063 you reached level 5 of The Gnomish Mines. On T:16735 you reached level 6 of The Gnomish Mines. On T:18413 you reached level 7 of The Gnomish Mines. On T:18573 you reached level 8 of The Gnomish Mines. On T:22688 you reached level 11 of The Dungeons of Doom. On T:23390 you reached level 12 of The Dungeons of Doom. On T:23564 you reached level 1 of The Quest. On T:23706 you reached level 13 of The Dungeons of Doom. On T:23739 you reached level 14 of The Dungeons of Doom. On T:25209 you reached level 15 of The Dungeons of Doom. On T:25382 you advanced to experience level 10. On T:25914 you reached level 16 of The Dungeons of Doom. On T:27457 you reached level 17 of The Dungeons of Doom. On T:28383 you reached level 18 of The Dungeons of Doom. On T:30232 you reached level 19 of The Dungeons of Doom. On T:30446 you reached level 20 of The Dungeons of Doom. On T:33671 you embarked upon an epic quest. On T:33703 you reached level 2 of The Quest. On T:35262 you reached level 3 of The Quest. On T:41410 you reached level 4 of The Quest. On T:41596 you reached level 5 of The Quest. Score breakdown: Gold: 47 ( 5719 points) Experience: 10 levels (16712 points) Exploration: 20 levels ( 40.00%) (18680 points) Discoveries: 86 items ( 29.15%) (16197 points) Valuables value: (no points given unless you survive) Artifact value: 0 ( 0 points) Variety of kills: 178 monsters ( 46.84%) (20532 points) Turncount: 42070 turns (-4501 points) Survival: died (score multiplied by 80%) Total score: 58671 Latest messages: The barbed devil hits! The barbed devil stings! You shoot 2 arrows. The 1st arrow hits the barbed devil. The 2nd arrow hits the barbed devil! The barbed devil hits! (2x) The barbed devil misses. You shoot 3 arrows. The 1st arrow hits the barbed devil! The 2nd arrow hits the barbed devil! The 3rd arrow hits the barbed devil! The barbed devil bumps right into you! You shoot 2 arrows. The 1st arrow hits the barbed devil. The 2nd arrow hits the barbed devil! The barbed devil hits! (2x) The barbed devil stings! You shoot 2 arrows. The 1st arrow hits the barbed devil! The 2nd arrow hits the barbed devil! The barbed devil hits! (2x) You die... Final status: Goodbye Croesus the Ranger, killed by a barbed devil... You died in The Quest on dungeon level 1 with 58671 points, and 47 pieces of gold, after 42070 moves. You were level 10 with a maximum of 77 hit points when you died.